Map: Ultralove

Players

CHEMIST

  • Race: Zerg Zerg
  • League: Diamond
  • Spawn Location: 1:00

KimChiLoVer - Winner!

  • Race: Terran Terran
  • League: Diamond
  • Spawn Location: 7:00

VOD

Have the link to the VOD?

Description

Time

  • Played on: Sept. 1, 2025, 4:42 p.m.
  • Length: 13:19
Show
View Real Time Build Order
Export as new Build Order

CHEMIST Zerg 

Build Orders: Hatch First, Lurkers 

Get SALT Encoding   

  12  0:02  Drone  
  13  0:15  Overlord  
  13  0:20  Drone  
  14  0:23  Drone, Extractor  
  15  0:33  Drone  
  16  0:47  Hatchery  
  15  0:52  Drone  
  15  0:54  Drone  
  17  0:58  Extractor  
  16  1:10  Spawning Pool  
  15  1:13  Drone  
  15  1:17  Drone  
  17  1:24  Drone  
  18  1:31  Drone  
  19  1:42  Drone  
  20  1:58  Overlord  
  20  1:59  Queen x2  
  24  2:05  Zergling x2  
  24  2:06  Zergling x2  
  26  2:22  Hatchery  
  25  2:28  Metabolic Boost  
  25  2:34  Drone x2  
  25  2:36  Drone  
  28  2:45  Queen  
  28  2:51  Overlord  
  30  3:03  Drone x2  
  30  3:04  Overlord  
  32  3:16  Queen  
  34  3:28  Roach Warren, Zergling x2  
  34  3:29  Zergling x4  
  36  3:37  Drone x3  
  39  3:41  Drone x2  
  39  3:42  Drone  
  42  3:49  Queen  
  42  3:51  Overlord  
  42  3:55  Overlord  
  44  4:16  Spore Crawler  
  43  4:19  Spore Crawler, Drone  
  43  4:20  Drone x2  
  45  4:28  Roach x3  
  45  4:29  Roach x2  
  55  4:45  Spore Crawler  
  54  4:51  Lair  
  54  4:54  Drone  
  55  5:00  Drone  
  55  5:01  Drone x5  
  55  5:02  Drone  
  55  5:05  Drone x3  
  55  5:06  Drone  
  66  5:24  Overlord x4  
  64  5:35  Hatchery  
  64  5:36  Extractor  
  64  5:37  Drone  
  64  5:38  Drone x2  
  65  5:50  Evolution Chamber  
  65  5:51  Extractor  
  65  5:52  Drone, Extractor  
  65  5:53  Drone x2  
  65  5:54  Drone x2  
  65  5:55  Drone  
  65  5:56  Drone x3  
  69  5:59  Drone x3  
  69  6:00  Drone x2  
  69  6:01  Overlord x2  
  74  6:10  Overseer  
  74  6:16  Zerg Ground Armor Level 1  
  74  6:40  Spore Crawler x2  
  74  6:42  Spore Crawler  
  74  6:44  Spore Crawler  
  74  6:46  Spore Crawler  
  69  6:48  Spore Crawler x2  
  69  6:51  Hydralisk Den  
  66  6:55  Glial Reconstitution  
  66  7:07  Drone x4  
  66  7:08  Drone x6  
  75  7:13  Spore Crawler  
  75  7:14  Spore Crawler x2  
  75  7:15  Spore Crawler  
  72  7:16  Infestation Pit  
  72  7:21  Evolution Chamber, Drone x6  
  72  7:22  Drone x3  
  74  7:37  Grooved Spines  
  74  7:38  Hydralisk  
  74  7:39  Hydralisk x4  
  74  7:40  Hydralisk x3  
  74  7:43  Overseer  
  90  7:47  Drone x4  
  90  7:48  Drone x2  
  96  8:07  Drone x5  
  96  8:08  Drone x6  
  96  8:09  Drone x3  
  96  8:11  Extractor  
  96  8:12  Extractor  
  108  8:14  Extractor  
  108  8:15  Hive  
  108  8:16  Extractor  
  108  8:18  Zerg Missile Weapons Level 1  
  106  8:25  Drone  
  107  8:27  Muscular Augments  
  107  8:29  Drone x3  
  107  8:30  Drone x3  
  107  8:33  Roach x2  
  107  8:34  Roach  
  119  8:49  Overlord x5  
  115  9:20  Hydralisk x4  
  115  9:21  Hydralisk x4  
  127  9:39  Hydralisk x6  
  127  9:40  Hydralisk x4  
  127  9:41  Hydralisk x2  
  149  9:50  Neural Parasite  
  149  9:52  Burrow  
  147  9:53  Pneumatized Carapace  
  147  10:05  Lurker Den  
  110  10:36  Hatchery  
  89  10:45  Hydralisk  
  89  10:46  Hydralisk x11  
  89  10:47  Zergling x6  
  89  10:48  Zergling x18  
  125  10:54  Zerg Ground Armor Level 2, Zerg Melee Weapons Level 1  
  125  11:14  Seismic Spines  
  125  11:23  Nydus Network x2, Lurker x3  
  126  11:54  Lurker x2  
  126  11:55  Lurker x5  
  126  11:59  Zergling x14  
  126  12:00  Zergling x52  
  166  12:11  Adaptive Talons  
  98  12:43  Hydralisk x8  
  98  12:44  Hydralisk x8  
  104  12:46  Hydralisk  
Show
View Real Time Build Order
Export as new Build Order

KimChiLoVer Terran - Winner!

Build Orders: Reaper Expand, Hellion Banshee, Mech 

Get SALT Encoding   

  12  0:00  SCV  
  13  0:12  SCV  
  14  0:17  Supply Depot  
  14  0:24  SCV  
  15  0:38  SCV  
  15  0:39  Barracks  
  16  0:45  Refinery  
  16  0:50  SCV  
  17  1:03  SCV  
  18  1:15  SCV  
  19  1:27  Orbital Command  
  19  1:29  Reaper  
  20  1:39  Command Center  
  20  1:49  Supply Depot  
  20  1:54  SCV  
  21  2:04  Marine  
  22  2:13  Factory  
  22  2:14  SCV  
  23  2:26  SCV  
  24  2:30  Barracks Reactor  
  24  2:35  Refinery  
  24  2:38  SCV  
  24  2:39  Command Center  
  25  2:50  SCV  
  26  2:52  Orbital Command  
  26  2:59  Refinery  
  26  3:03  Starport  
  26  3:12  SCV  
  27  3:16  Hellion  
  27  3:17  Hellion, Barracks Tech Lab  
  31  3:25  Supply Depot  
  31  3:26  SCV  
  32  3:29  SCV  
  33  3:38  SCV  
  34  3:44  Hellion  
  34  3:45  Hellion  
  34  3:47  Supply Depot  
  38  3:49  SCV  
  38  3:50  SCV  
  40  3:57  Supply Depot  
  40  4:01  Orbital Command  
  40  4:02  SCV  
  41  4:03  Banshee  
  44  4:12  Refinery  
  44  4:14  Refinery  
  44  4:27  Hellion  
  44  4:28  Hellion  
  44  4:29  SCV  
  49  4:31  SCV x2  
  49  4:36  Factory  
  49  4:41  SCV  
  49  4:42  Supply Depot  
  49  4:45  Supply Depot  
  48  4:53  Banshee, SCV  
  48  4:54  Cloaking Field  
  48  4:56  SCV  
  53  5:04  Barracks Tech Lab  
  53  5:05  Factory  
  53  5:06  SCV  
  54  5:08  SCV  
  55  5:18  SCV  
  56  5:22  Factory Tech Lab  
  54  5:30  SCV  
  55  5:36  Banshee  
  55  5:42  SCV  
  59  5:47  Armory x2  
  59  5:49  Factory Tech Lab  
  59  5:50  Siege Tank  
  59  5:54  SCV  
  63  5:58  Factory  
  63  6:05  Orbital Command  
  63  6:06  SCV  
  63  6:07  Hellion x2  
  68  6:16  Infernal Pre-Igniter  
  68  6:18  Command Center  
  68  6:22  Siege Tank, Banshee  
  74  6:28  Supply Depot  
  74  6:31  Engineering Bay  
  74  6:36  SCV  
  75  6:45  Terran Vehicle And Ship Armor Level 1, Terran Vehicle Weapons Level 1  
  75  6:46  Smart Servos  
  75  6:48  SCV  
  76  6:54  Siege Tank  
  76  7:00  Missile Turret, SCV  
  80  7:01  Missile Turret  
  80  7:02  Refinery  
  80  7:05  Refinery  
  80  7:08  Missile Turret, SCV x2  
  82  7:12  SCV  
  82  7:14  Siege Tank  
  86  7:17  Factory  
  86  7:20  Missile Turret, Neosteel Armor, SCV  
  87  7:23  Hyperflight Rotors  
  87  7:24  SCV x2  
  88  7:31  Sensor Tower  
  88  7:32  SCV  
  88  7:36  SCV  
  88  7:37  SCV  
  91  7:42  Banshee  
  94  7:48  SCV  
  95  8:00  SCV x2  
  95  8:01  SCV  
  95  8:03  Orbital Command  
  95  8:05  Factory Tech Lab  
  98  8:06  Hellion  
  98  8:07  Hellion  
  98  8:08  Thor  
  98  8:09  Hellion x2  
  98  8:12  SCV x2  
  114  8:13  SCV  
  115  8:25  SCV  
  115  8:26  Drilling Claws, Command Center  
  116  8:28  Hellion  
  116  8:31  Barracks Tech Lab  
  116  8:33  Orbital Command  
  118  8:35  Factory x2  
  118  8:37  SCV  
  119  8:42  Sensor Tower  
  119  8:49  SCV  
  120  8:59  SCV  
  120  9:01  SCV x3  
  124  9:12  Supply Depot, Hellion, SCV  
  124  9:13  Supply Depot x2, Refinery, SCV x3  
  124  9:14  Refinery  
  124  9:15  Siege Tank  
  124  9:24  Hellion, SCV  
  124  9:33  Banshee  
  124  9:34  Siege Tank x2  
  124  9:36  SCV  
  134  9:40  SCV x3  
  133  9:48  SCV  
  133  9:50  Planetary Fortress  
  132  9:53  Thor  
  132  9:55  Hellion x2  
  142  10:00  Factory Tech Lab, SCV  
  142  10:06  Siege Tank, Thor  
  152  10:13  Missile Turret, SCV  
  153  10:15  Sensor Tower  
  153  10:16  Hellion, Banshee  
  153  10:17  Missile Turret  
  153  10:20  Siege Tank x3  
  169  10:21  Hellion  
  169  10:25  SCV  
  152  10:36  Siege Tank  
  152  10:37  SCV  
  152  10:38  Hellion x2  
  152  10:42  Hellion  
  159  10:49  Hellion, SCV  
  162  10:52  Siege Tank x2, Hellion  
  170  10:59  Widow Mine, Siege Tank  
  170  11:01  SCV  
  170  11:04  Widow Mine  
  178  11:08  Command Center, Factory  
  178  11:21  Siege Tank  
  178  11:22  Supply Depot, Raven, Widow Mine x2  
  178  11:23  Siege Tank  
  178  11:24  Hellion x2  
  178  11:25  Supply Depot  
  194  11:44  Refinery x2, Hellion x3  
  194  11:45  Missile Turret  
  200  11:47  Missile Turret  
  200  12:18  Hellion  
  148  12:44  Siege Tank x2  
  148  12:45  Siege Tank x4  
  148  12:46  Hellion x2  
Tags
 
Add a new tag
Caveats
  • Supply blocks, unpowered buildings, or Contaminate may cause inaccurate times.
  • Supply counts are checked every 10 seconds.